 Dungeon Crawl Stone Soup version 0.32-a0-30-gefbe487952 (webtiles) character file.

Game seed: 10968359710249343429

2020 Dirtsage the Changeling (level 9, -5/61 HPs)
             Began as an Octopode Shapeshifter on Jan 17, 2024.
             Was an Initiate of the Shining One.
             Engulfed by a steam dragon's steam (6 damage)
             ... on level 7 of the Dungeon on Jan 19, 2024.
             The game lasted 00:10:16 (5408 turns).

Dirtsage the Changeling (Octopode Shapeshifter)     Turns: 5408, Time: 00:10:17

Health: -5/61      AC:  1    Str: 13    XL:     9   Next: 23%
Magic:  9/9        EV: 19    Int: 12    God:    the Shining One [......]
Gold:   430        SH:  0    Dex: 16    Spells: 8/8 levels left

rFire   . .          .
                       - Unarmed
rCold   + . .        (shield currently unavailable)
rNeg    . . .        (helmet restricted)
rPois   .            (no amulet)
rElec   .            I - ring of protection from cold
rCorr   .            (no ring)
SInv    .            (no ring)
Will    .....        (no ring)
Stlth   +            (no ring)
HPRegen 0.30/turn    (no ring)
MPRegen 0.11/turn    (no ring)
                     (no ring)

%: no passive effects
@: flux-form, glowing
A: glow, contaminating, almost no armour, amphibious, 8 rings, camouflage 1,
gelatinous body 1, (nimble swimmer 1), tentacles
a: Begin Untransformation, Renounce Religion


You were on level 7 of the Dungeon.
You worshipped the Shining One.
The Shining One was noncommittal.
You were something dangerously unstable.
You visited 2 branches of the dungeon, and saw 8 of its levels.

You collected 430 gold pieces.

Inventory:

Missiles
 x - 2 curare-tipped darts (quivered)
Magical Staves
 f - a staff of earth
 r - a staff of alchemy
Jewellery
 I - a ring of protection from cold (left tentacle)
Talismans
 b - a beast talisman
 c - a flux talisman (active)
 u - a maw talisman
Wands
 v - a wand of paralysis (3)
Scrolls
 e - a scroll of revelation {unknown}
 g - 3 scrolls of silence {unknown}
 i - 4 scrolls of identify {unknown}
 j - a scroll of immolation {unknown}
 k - a scroll of fog {unknown}
 l - 3 scrolls of enchant weapon {unknown}
 n - 2 scrolls of noise {unknown}
Potions
 a - a potion of lignification
 d - 2 potions of might
 h - 3 potions of magic {unknown}
 m - 3 potions of haste {unknown}
 o - 2 potions of mutation {unknown}
 p - 2 potions of attraction {unknown}
 q - a potion of curing
 s - a potion of heal wounds {unknown}
 t - a potion of cancellation {unknown}
 w - a potion of brilliance {unknown}


   Skills:
 + Level 5.2 Fighting
 + Level 5.5 Dodging
 + Level 6.1 Unarmed Combat
 * Level 7.5 Shapeshifting


You had 8 spell levels left.
You didn't know any spells.
Your spell library contained the following spells:

 Spells                   Type           Power      Damage    Failure   Level
 Apportation              Tloc           0%         N/A       32%         1
 Foxfire                  Conj/Fire      0%         2x1d4     32%         1
 Jinxbite                 Hex            0%         N/A       45%         2
 Alistair's Intoxication  Alch           0%         N/A       100%        5
 Plasma Beam              Fire/Air       0%         2x1d10    100%        6
 Starburst                Conj/Fire      0%         6d3       100%        6


Dungeon Overview and Level Annotations

Branches:
Dungeon (7/15)             Temple (1/1) D:6

Altars:
Cheibriados
Dithmenos
Elyvilon
Gozag
Hepliaklqana
Kikubaaqudgha
Makhleb
Nemelex Xobeh
Okawaru
Qazlal
Sif Muna
Trog
Uskayaw
Wu Jian
Xom
Yredelemnul
Zin
The Shining One

Shops:
D:4 *   D:5 (

Annotations:
D:7 Maggie


Innate Abilities, Weirdness & Mutations

You are something dangerously unstable.
You glow with magical radiation, making you easy to see and hit.
Foes you strike become dangerously contaminated with magical radiation.
You are incapable of wielding weapons or throwing items.
You cannot wear most types of armour.
You are amphibious.
You can wear up to eight rings at the same time.
Your skin changes colour to match your surroundings (Stealth+).
Your rubbery body absorbs attacks. (AC +1, EV +1)
((You are camouflaged when in or above water. (Stealth+)))
You have tentacles for arms and can constrict up to eight enemies at once.


Message History

You take 10 damage, and have 31/61 hp.
You tentacle-slap the steam dragon.
The steam dragon begins to glow.
The steam dragon is lightly wounded.
You are engulfed in a cloud of scalding steam.
The steam dragon bites you. The steam dragon closely misses you.
You take 7 damage, and have 24/61 hp.
You tentacle-slap the steam dragon but do no damage.
The steam dragon glows dangerously bright.
Your squeeze misses the steam dragon.
The steam dragon is lightly wounded.
You are engulfed in a cloud of scalding steam.
* * * LOW HITPOINT WARNING * * *
The steam dragon misses you. The steam dragon barely misses you.
You take 6 damage, and have 18/61 hp.
You tentacle-slap the steam dragon.
The steam dragon shudders as magic cascades through it!
The steam dragon twists and deforms.
You squeeze the steam dragon, but do no damage.
The steam dragon is moderately wounded.
You are engulfed in a cloud of scalding steam.
* * * LOW HITPOINT WARNING * * *
The steam dragon barely misses you. The steam dragon misses you.
You take 8 damage, and have 10/61 hp.
You tentacle-slap the steam dragon.
The steam dragon begins to glow.
You squeeze the steam dragon.
The steam dragon is heavily wounded.
The steam dragon breathes steam at you. The ball of steam misses you.
You barely miss the steam dragon. Your squeeze misses the steam dragon.
The steam dragon is heavily wounded.
You are engulfed in a cloud of scalding steam.
* * * LOW HITPOINT WARNING * * *
The steam dragon misses you. The steam dragon claws you.
* * * LOW HITPOINT WARNING * * *
You take 9 damage, and have 1/61 hp.
You tentacle-slap the steam dragon.
The steam dragon glows dangerously bright.
The steam dragon is severely wounded.
You are engulfed in a cloud of scalding steam.
You die...

.......## .....###
.....# . .....# ..
.....# ... .....# ....
....#### .....
.......###########......
.....#......)§§§pD...#
.....##############@....
.....# .$. .....# .
<...## ...## ####


You could see Maggie (paralysed) and a steam dragon (heavy contam, misshapen).

Vanquished Creatures
  Pikel (D:7)
  Eustachio (D:6)
  Menkaure (D:6)
  An ice beast (D:5)
  A black bear (D:5)
  A centaur (D:5)
  2 ogres
  A lemure (D:7)
  A scorpion (D:4)
  4 wights (D:6)
  2 bombardier beetles
  2 hounds
  6 iguanas
  2 orc wizards (D:4)
  2 sleepcaps
  9 gnolls
  4 adders
  3 river rats (D:5)
  3 dart slugs
  A ribbon worm (D:4)
  6 orcs
  9 endoplasms
  2 giant cockroaches
  9 goblins
  9 hobgoblins
  9 ball pythons
  12 bats
  A frilled lizard (D:2)
  4 kobolds
  5 rats
114 creatures vanquished.

Notes
Turn   | Place    | Note
-------+----------+-------------------------------------------
     0 | D:1      | Dirtsage the Octopode Shapeshifter began the quest for the
                  | Orb.
     0 | D:1      | Reached XP level 1. HP: 13/13 MP: 1/1
     3 | D:1      | Noticed a shadow dragon
     3 | D:1      | Noticed an ice dragon
     5 | D:1      | Noticed an ice dragon
     6 | D:1      | Noticed a shadow dragon
     7 | D:1      | Noticed a shadow dragon
     8 | D:1      | Noticed an orb of fire
     9 | D:1      | Noticed an orb of fire
    11 | D:1      | Noticed a shadow dragon
    13 | D:1      | Noticed a shadow dragon
    13 | D:1      | Noticed a white draconian
    15 | D:1      | Noticed an iron dragon
    15 | D:1      | Noticed a tentacled monstrosity
    17 | D:1      | Noticed an iron dragon
    17 | D:1      | Noticed a shadow dragon
    19 | D:1      | Noticed a shadow dragon
    21 | D:1      | Noticed an orb of fire
   104 | D:1      | Reached XP level 2. HP: 17/18 MP: 2/2
   377 | D:1      | Reached XP level 3. HP: 17/23 MP: 3/3
  1249 | D:2      | Found a faded altar of an unknown god.
  1421 | D:3      | Reached XP level 4. HP: 25/29 MP: 4/4
  1905 | D:4      | Reached skill level 4 in Shapeshifting
  1905 | D:4      | Reached XP level 5. HP: 16/34 MP: 5/5
  2040 | D:4      | Found Deshurotuv's Elemental Accessories.
  2328 | D:4      | Reached XP level 6. HP: 17/41 MP: 6/6
  2629 | D:4      | You fall into a shaft and drop 1 floor!
  2629 | D:5      | Entered Level 5 of the Dungeon
  2633 | D:5      | Noticed a black bear
  2649 | D:5      | Killed a black bear
  2894 | D:5      | Reached skill level 5 in Shapeshifting
  2894 | D:5      | Reached XP level 7. HP: 46/46 MP: 7/7
  3645 | D:5      | Found Kexzob's Antique Weapon Shop.
  3688 | D:5      | Upgraded the game from 0.32-a0-19-g28bc0835a1 to
                  | 0.32-a0-30-gefbe487952
  3688 | D:5      | Found a stormy altar of Qazlal.
  3969 | D:6      | Reached skill level 5 in Unarmed Combat
  3969 | D:6      | Reached XP level 8. HP: 30/54 MP: 8/8
  3974 | D:6      | Reached skill level 6 in Shapeshifting
  4183 | D:6      | Noticed Eustachio
  4193 | D:6      | Killed Eustachio
  4345 | D:6      | Found a staircase to the Ecumenical Temple.
  4653 | D:6      | Noticed Menkaure
  4660 | D:6      | Killed Menkaure
  4669 | D:6      | Reached skill level 5 in Dodging
  5021 | Temple   | Entered the Ecumenical Temple
  5096 | Temple   | Became a worshipper of the Shining One
  5185 | D:7      | Noticed Pikel
  5231 | D:7      | Killed Pikel
  5232 | D:7      | Reached skill level 5 in Fighting
  5232 | D:7      | Reached skill level 7 in Shapeshifting
  5232 | D:7      | Reached XP level 9. HP: 46/61 MP: 9/9
  5310 | D:7      | Noticed Maggie
  5407 | D:7      | HP: 1/61 [steam dragon (4)]
  5408 | D:7      | Engulfed by a steam dragon's steam

Illustrated notes

Levels and vault maps discovered:
D:1:      shiori_arrival_whats_in_store_for_you, layout_rooms, minmay_quantized
D:2:      layout_loops_cross, dilly_ecumenical_altar_fadedgnrine
D:3:      layout_rooms
D:4:      layout_basic, nicolae_elemental_shop
D:5:      wad_woods_settlement, layout_basic, marbit_many_paths, serial_shops,
          nicolae_shop_behind_doors, corexii_corridor_pit
D:6:      layout_loops_cross, minmay_temple_entry_statues_fountains,
          uniq_menkaure, uniq_eustachio
D:7:      layout_rooms, uniq_pikel, uniq_maggie, uniq_prince_ribbit1,
          uniq_maurice, uniq_crazy_yiuf_cottage
Temple:   minmay_temple_bridge_d

Skill      XL: |  1  2  3  4  5  6  7  8 |
---------------+-------------------------+-----
Fighting       | 2 3 5 |  5.2
Shapeshifting  | 4 5 7 |  7.5
Dodging        | 3 4 5 |  5.5
Unarmed Combat | 4 5 6 |  6.1

Action                     |  1- 3 |  4- 6 |  7- 9 || total
---------------------------+-------+-------+-------++-------
  Melee: Unarmed           |    85 |    86 |   130 ||   301
         Tentacles         |    19 |    22 |    47 ||    88
         Constrict         |    20 |    20 |    26 ||    66
         Punch             |     1 |     1 |     5 ||     7
  Evoke: Wand              |       |       |     2 ||     2
    Use: Potion            |       |     2 |       ||     2
   Stab: Sleeping          |     9 |     7 |     4 ||    20
 Armour: Skin              |    49 |    43 |    43 ||   135
  Dodge: Dodged            |    38 |    32 |    76 ||   146
   Form: Flux              |       |       |     1 ||     1

Table legend: (Time is in decaauts)
 A = Elapsed time spent in this place.
 B = Non-inter-level travel time spent in this place.
 C = Inter-level travel time spent in this place.
 D = Time resting spent in this place.
 E = Time spent auto-exploring this place.
 F = Levels seen in this place.
 G = Mean time per level.
                   A        B        C        D        E       F      G
               +--------+--------+--------+--------+--------+-----+--------+
         Total |   5383 |   4967 |    416 |    351 |   3753 |   8 |  672.9 |
       Dungeon |   5232 |   4964 |    268 |    351 |   3753 |   7 |  747.4 |
        Temple |    150 |      2 |    148 |      0 |      0 |   1 |  150.0 |
               +--------+--------+--------+--------+--------+-----+--------+

Top non-repeatable levels by time:
     D:5: 1443 daAuts
     D:6: 972 daAuts
     D:4: 748 daAuts
     D:1: 677 daAuts
     D:2: 619 daAuts
     D:3: 572 daAuts
     D:7: 198 daAuts
  Temple: 150 daAuts
